 Dungeon Crawl Stone Soup version 0.31.0-32-g396128a36d (webtiles) character file.

Game seed: 5827224114433005376

10743 gohu the Fighter (level 11, -5/86 HPs)
             Began as a Djinni Fire Elementalist on Mar 9, 2024.
             Was an Elder of Makhleb.
             Slain by Lodul
             ... wielding a +0 dire flail
              (30 damage)
             ... on level 10 of the Dungeon.
             The game lasted 00:24:12 (10536 turns).

gohu the Fighter (Djinni Fire Elementalist)        Turns: 10536, Time: 00:24:13

Health: -5/86      AC:  7    Str:  5 (7)  XL:     11   Next: 98%
Gold:   11         EV: 13    Int: 24 (27) God:    Makhleb [****..] SH:  5 Dex: 13 (14)

rFire   + + .        A - staff of earth
rCold   x . .        L - +0 buckler
rNeg    . . .        c - +0 steam dragon scales
rPois   ∞            (no helmet)
rElec   .            S - +0 cloak
rCorr   .            r - +0 pair of gloves
SInv    .            (boots unavailable)
Will    +....        (no amulet)
Stlth   ++           B - +6 ring of intelligence
HPRegen 0.34/turn    (no ring)
MPRegen 0.00/turn

%: infuse magic (-6 HP)
@: flying
A: sickness immunity, fire resistance 2, cold vulnerability 1, float, innate
caster, HP casting, extra vitality 1
a: Renounce Religion, Minor Destruction, Lesser Servant of Makhleb, Major
Destruction


You were on level 10 of the Dungeon.
You worshipped Makhleb.
Makhleb was greatly pleased with you.
You visited 2 branches of the dungeon, and saw 11 of its levels.
You also visited: Bailey.

You collected 494 gold pieces.
You spent 483 gold pieces at shops.

Inventory:

Armour
 a - a +0 robe
 c - +0 steam dragon scales (worn)
 n - a +0 kite shield
 r - a +0 pair of gloves (worn)
 L - a +0 buckler (worn)
 M - a +2 ring mail of fire resistance
 S - a +0 cloak (worn)
Magical Staves
 A - a staff of earth (weapon)
Jewellery
 B - a +6 ring of intelligence (left hand)
 F - a ring of willpower
 K - a +6 ring of dexterity
 N - a ring of positive energy
Wands
 f - a wand of flame (8)
 l - a wand of light (19)
 m - a wand of digging (5)
 H - a wand of iceblast (14)
Scrolls
 e - 5 scrolls of amnesia {unknown}
 i - 4 scrolls of enchant armour
 k - 2 scrolls of torment {unknown}
 s - 6 scrolls of enchant weapon {unknown}
 t - 3 scrolls of immolation {unknown}
 w - a scroll of poison
 y - 5 scrolls of teleportation {unknown}
 z - 2 scrolls of fog
 C - a scroll of noise
 D - 2 scrolls of butterflies {unknown}
 E - a scroll of fear {unknown}
 G - 5 scrolls of blinking
 O - a scroll of vulnerability {unknown}
 R - a scroll of brand weapon {unknown}
Potions
 b - a potion of might
 d - a potion of cancellation
 g - 2 potions of magic
 h - 2 potions of mutation
 j - 4 potions of ambrosia
 o - a potion of haste
 q - a potion of brilliance
 u - 3 potions of attraction
 v - 2 potions of heal wounds
 J - a potion of lignification
Miscellaneous
 I - a box of beasts


   Skills:
 * Level 10.7 Fighting
 - Level 6.2 Dodging
 - Level 1.5 Stealth
 - Level 5.0 Shields
 + Level 10.5 Spellcasting
 + Level 10.5 Conjurations
 + Level 10.5 Hexes
   Level 0.0 Charms
 + Level 10.5 Summonings
 + Level 10.5 Necromancy
 + Level 10.5 Translocations
   Level 0.0 Transmutations
 + Level 10.5 Fire Magic
 + Level 10.5 Ice Magic
 + Level 10.5 Air Magic
 + Level 10.5 Earth Magic
 + Level 10.5 Alchemy


You knew the following spells:

 Your Spells              Type           Power      Damage    Failure   Level
a - Foxfire               Conj/Fire      100%       2x1d9     1%          1
b - Stone Arrow           Conj/Erth      100%       3d13      1%          3
c - Flame Wave            Conj/Fire      58%        2d14      1%          4
d - Inner Flame           Hex/Fire       58%        N/A       1%          3
e - Volatile Blastmotes   Fire/Tloc      100%       2d18      1%          3
f - Shock                 Conj/Air       100%       1d9       1%          1
g - Momentum Strike       Conj/Tloc      100%       3d10      1%          2
h - Scorch                Fire           100%       2d9       1%          2
i - Tukima's Dance        Hex            58%        N/A       1%          3
j - Yara's Violent Unrav  Hex/Alch       29%        3d12      3%          5
Your spell library was empty.

Dungeon Overview and Level Annotations

Branches:
Dungeon (10/15)            Temple (1/1) D:5            Lair (0/5) D:9
 Bailey (visited)
    Orc: D:9-12

Altars:
Ashenzari
Cheibriados
Dithmenos
Elyvilon
Fedhas
Gozag
Hepliaklqana
Makhleb
Nemelex Xobeh
Okawaru
Qazlal
Ru
Trog
Uskayaw
Wu Jian
Xom
Yredelemnul
Zin

Shops:
D:7 ?   D:10 =

Annotations:
D:10 Harold, Lodul


Innate Abilities, Weirdness & Mutations

You are immune to sickness and miasma.
You are immune to poison.
Your flesh is very heat resistant. (rF++)
You are vulnerable to cold. (rC-)
You float through the air rather than walking.
You learn spells naturally, not from books.
Your magical power is your life essence.
You have superior vitality. (+4 MHP)


Message History

You finish channelling waves of flame.
Harold fires a harpoon shot at you. The harpoon shot hits you!
You are yanked forward by the harpoon shot.
Lodul shouts!
Casting: Flame Wave (mildly dangerous; 1% risk of failure)
Confirm with . or Enter, or press ? or * to list all spells.
Casting: Flame Wave (mildly dangerous; 1% risk of failure)
Press: ? - help, Dir - look around, f - activate A wave of flame ripples out!
The flame wave engulfs Harold!
Harold is severely wounded. (Press . to intensify the flame waves.) Harold hits you with a +0 mace!
A wave of flame ripples out!
The flame wave engulfs Lodul!
Lodul is moderately wounded.
The flame wave engulfs Harold!
Harold is severely wounded.
Lodul hits you with a +0 dire flail!! Harold hits you with a +0 mace.
A wave of flame ripples out!
The flame wave engulfs Lodul!
Lodul is heavily wounded.
The flame wave engulfs Harold.
Harold is almost dead.
The flame wave engulfs the ogre!!
You kill the ogre!
Makhleb accepts your kill.
You feel better.
You finish channelling waves of flame.
A two-headed ogre comes into view.
It is wielding a +0 giant club and a +0 great mace.
Harold misses you.
Casting: Flame Wave (mildly dangerous; 1% risk of failure)
Confirm with . or Enter, or press ? or * to list all spells.
Casting: Flame Wave (mildly dangerous; 1% risk of failure)
Press: ? - help, Dir - look around, f - activate A wave of flame ripples out!
The flame wave engulfs Lodul!
Lodul is severely wounded.
The flame wave engulfs Harold!
Harold is almost dead. (Press . to intensify the flame waves.)
* * * LOW HITPOINT WARNING * * *
Lodul hits you with a +0 dire flail!!
You die...

O# .# .# ####
.##.... .
.#..... ...
##)......
....###O@)...∩.
.......@#
....##.<#
........#
.....##.# .####
#.# ... ..# ..#
....


You could see Harold, Lodul and a two-headed ogre.

Vanquished Creatures
  2 vault guards (Bailey)
  Maurice (D:7)
  An elephant (D:9)
  An unseen horror (D:8)
  A kobold demonologist (D:6)
  3 hornets
  Prince Ribbit (Bailey)
  A shadow (D:9)
  A wyvern (D:9)
  8 yaks (D:9)
  4 humans (Bailey)
  Eustachio (D:4)
  2 steam dragons (D:8)
  2 orc warriors
  A black bear (D:4)
  8 ogres
  A centaur (D:8)
  4 kobold brigands
  19 bullfrogs
  A gnoll sergeant (D:8)
  3 scorpions
  8 wights
  12 killer bees
  A howler monkey (D:6)
  10 hounds
  6 orc priests
  2 bombardier beetles
  3 jellies
  3 gnoll boudas
  5 iguanas
  8 orc wizards
  9 adders
  17 gnolls
  A shadow imp (D:7)
  2 ufetubi (D:6)
  8 dart slugs
  28 orcs
  6 endoplasms
  5 giant cockroaches
  11 goblins
  9 hobgoblins
  17 kobolds
  3 quokkas
  7 ball pythons
  3 bats
  5 frilled lizards
  8 rats
263 creatures vanquished.

Vanquished Creatures (collateral kills)
  A foxfire (D:2)
1 creature vanquished.

Vanquished Creatures (others)
  448 foxfires
448 creatures vanquished.

Grand Total: 712 creatures vanquished

Notes
Turn   | Place    | Note
-------+----------+-------------------------------------------
     0 | D:1      | gohu the Djinni Fire Elementalist began the quest for the
                  | Orb.
     0 | D:1      | gohu set off with the following spells memorised: Foxfire,
                  | Scorch, Volatile Blastmotes, Inner Flame, Flame Wave.
     0 | D:1      | Reached XP level 1. HP: 15/15 MP: 0/0
    56 | D:1      | Reached XP level 2. HP: 17/21 MP: 0/0
   376 | D:1      | You are sucked into a shaft and drop 1 floor!
   422 | D:2      | Reached XP level 3. HP: 13/25 MP: 0/0
   422 | D:2      | Learned a level 1 spell: Shock
   738 | D:2      | Reached XP level 4. HP: 27/31 MP: 0/0
  1024 | D:2      | Found a faded altar of an unknown god.
  1711 | D:3      | Reached XP level 5. HP: 31/35 MP: 0/0
  1711 | D:3      | Learned a level 2 spell: Momentum Strike
  2150 | D:3      | Reached skill level 5 in Spellcasting
  2150 | D:3      | Reached skill level 5 in Conjurations
  2150 | D:3      | Reached skill level 5 in Hexes
  2150 | D:3      | Reached skill level 5 in Summonings
  2150 | D:3      | Reached skill level 5 in Necromancy
  2150 | D:3      | Reached skill level 5 in Translocations
  2150 | D:3      | Reached skill level 5 in Fire Magic
  2150 | D:3      | Reached skill level 5 in Ice Magic
  2150 | D:3      | Reached skill level 5 in Air Magic
  2150 | D:3      | Reached skill level 5 in Earth Magic
  2150 | D:3      | Reached skill level 5 in Alchemy
  2408 | D:3      | Found a hide-covered altar of Uskayaw.
  2709 | D:4      | Reached XP level 6. HP: 39/40 MP: 0/0
  2968 | D:4      | Noticed an ogre
  2974 | D:4      | Killed an ogre
  3103 | D:4      | Reached XP level 7. HP: 40/45 MP: 0/0
  3103 | D:4      | Learned a level 3 spell: Stone Arrow
  3273 | D:4      | Noticed Eustachio
  3283 | D:4      | Killed Eustachio
  3724 | D:5      | Entered Level 5 of the Dungeon
  3732 | D:5      | Reached XP level 8. HP: 22/50 MP: 0/0
  3884 | D:5      | Found a staircase to the Ecumenical Temple.
  3893 | Temple   | Entered the Ecumenical Temple
  3924 | Temple   | Became a worshipper of Makhleb the Destroyer
  5205 | D:6      | Reached skill level 1 in Fighting
  5357 | D:6      | Reached XP level 9. HP: 52/58 MP: 0/0
  5357 | D:6      | Learned a level 3 spell: Tukima's Dance
  5485 | D:6      | Noticed a kobold demonologist
  5502 | D:6      | Noticed an ice devil
  5786 | D:6      | Reached * piety under Makhleb
  6129 | D:6      | Killed a kobold demonologist
  6260 | D:7      | Noticed Maurice
  6421 | D:7      | Reached skill level 5 in Fighting
  6421 | D:7      | Reached XP level 10. HP: 58/70 MP: 0/0
  6536 | D:7      | Reached ** piety under Makhleb
  6604 | D:7      | Reached skill level 5 in Dodging
  6795 | D:7      | Found Qutahagh's Magic Scroll Shop.
  6803 | D:7      | Bought a scroll of enchant armour for 105 gold pieces
  6803 | D:7      | Bought a scroll of blinking for 105 gold pieces
  6803 | D:7      | Bought a scroll of identify for 28 gold pieces
  6803 | D:7      | Bought a scroll of identify for 28 gold pieces
  6803 | D:7      | Bought a scroll of identify for 28 gold pieces
  6916 | D:7      | Killed Maurice
  7128 | D:7      | Found a bloodstained altar of Trog.
  7376 | D:8      | Found a broken altar of Ashenzari.
  7391 | D:8      | Found an iron altar of Okawaru.
  8322 | D:8      | Killed an unseen horror
  8323 | D:8      | Reached skill level 1 in Shields
  8600 | D:9      | Reached *** piety under Makhleb
  8601 | D:9      | Found a flagged portal.
  8602 | D:9      | Noticed an elephant
  8619 | D:9      | Killed an elephant
  8620 | D:9      | Reached XP level 11. HP: 48/81 MP: 0/0
  8620 | D:9      | Learned a level 5 spell: Yara's Violent Unravelling
  8662 | Bailey   | Entered a bailey
  8829 | Bailey   | Reached skill level 10 in Spellcasting
  8829 | Bailey   | Reached skill level 10 in Conjurations
  8829 | Bailey   | Reached skill level 10 in Hexes
  8829 | Bailey   | Reached skill level 10 in Summonings
  8829 | Bailey   | Reached skill level 10 in Necromancy
  8829 | Bailey   | Reached skill level 10 in Translocations
  8829 | Bailey   | Reached skill level 10 in Fire Magic
  8829 | Bailey   | Reached skill level 10 in Ice Magic
  8829 | Bailey   | Reached skill level 10 in Air Magic
  8829 | Bailey   | Reached skill level 10 in Earth Magic
  8829 | Bailey   | Reached skill level 10 in Alchemy
  8987 | Bailey   | Noticed Prince Ribbit
  8988 | Bailey   | Noticed a vault guard
  9003 | Bailey   | Killed Prince Ribbit
  9041 | Bailey   | Killed a vault guard
  9042 | Bailey   | Reached skill level 5 in Shields
  9186 | Bailey   | Noticed a vault guard
  9202 | Bailey   | Killed a vault guard
  9571 | D:9      | Found a staircase to the Lair.
  9791 | D:9      | Reached skill level 10 in Fighting
  9808 | D:9      | Reached **** piety under Makhleb
 10022 | D:9      | Found Docw's Antique Armour Emporium.
 10367 | D:7      | Bought a scroll of identify for 28 gold pieces
 10367 | D:7      | Bought a scroll of blinking for 105 gold pieces
 10367 | D:7      | Bought a scroll of fog for 56 gold pieces
 10520 | D:10     | Entered Level 10 of the Dungeon
 10521 | D:10     | Found Ocuni's Jewellery Shoppe.
 10521 | D:10     | Noticed Lodul
 10521 | D:10     | Noticed Harold
 10535 | D:10     | Noticed a two-headed ogre
 10536 | D:10     | Slain by Lodul

Illustrated notes

Levels and vault maps discovered:
D:1:      dpeg_arrival_tiny_g, layout_rooms, hex_tiny
D:2:      wander_river, layout_basic, shapermc_ecumenical_altar_acropolis,
          kennysheep_generic_room_12
D:3:      kennysheep_six_static_rooms, layout_loops_corners,
          gammafunk_temple_overflow_statue, hangedman_abyss_or_decor_stabs
D:4:      layout_loops_ring, uniq_eustachio
D:5:      layout_layer_cave, minmay_temple_entry_mini_moons
D:6:      hangedman_cross_stitches, layout_rooms, minmay_misc_feat_alley
D:7:      layout_cave_pools, bloody_trog, serial_shops, shop_statue,
          minmay_stone_trees_medium, uniq_maurice
D:8:      layout_basic, mainiacjoe_overflow_catwalk_spiral,
          nicolae_elevator_lobby_asterisk
D:9:      layout_basic, grunt_lair_entry_orc_guard_hut, serial_shops, shop,
          enter_bailey_5, nicolae_figureground_sparkle
D:10:     cheibrodos_iron_armory, layout_rooms, lemuel_tele_altar, serial_shops,
          shop, kennysheep_generic_room_16, uniq_lodul, uniq_harold
Temple:   kb_temple_of_zot

Skill      XL: |  1  2  3  4  5  6  7  8  9 10 11 |
---------------+----------------------------------+-----
Spellcasting   | 4 5 6 7 8 9 10 | 10.5
Conjurations   | 4 5 6 7 8 9 10 | 10.5
Hexes          | 4 5 6 7 8 9 10 | 10.5
Summonings     | 4 5 6 7 8 9 10 | 10.5
Necromancy     | 4 5 6 7 8 9 10 | 10.5
Translocations | 4 5 6 7 8 9 10 | 10.5
Fire Magic     | 4 5 6 7 8 9 10 | 10.5
Ice Magic      | 4 5 6 7 8 9 10 | 10.5
Air Magic      | 4 5 6 7 8 9 10 | 10.5
Earth Magic    | 4 5 6 7 8 9 10 | 10.5
Alchemy        | 4 5 6 7 8 9 10 | 10.5
Fighting       | 2 5 8 10 | 10.7
Dodging        | 4 6 |  6.2
Shields        | 2 5 |  5.0
Stealth        | |  1.5

Action                     |  1- 3 |  4- 6 |  7- 9 | 10-12 || total
---------------------------+-------+-------+-------+-------++-------
  Melee: Staff             |       |       |       |     2 ||     2
   Cast: Foxfire           |    55 |    94 |    70 |    63 ||   282
         Scorch            |     7 |    17 |     2 |       ||    26
         Volatile Blastmot |       |     1 |    19 |    22 ||    42
         Stone Arrow       |       |       |    75 |   116 ||   191
         Flame Wave        |       |       |     5 |    15 ||    20
         Tukima's Dance    |       |       |       |    10 ||    10
    Use: Scroll            |       |       |       |     8 ||     8
         Potion            |       |       |       |     9 ||     9
 Armour: Robe              |     1 |       |       |       ||     1
         Steam dragon scal |     6 |    14 |    14 |    52 ||    86
  Dodge: Dodged            |    14 |    12 |     7 |    31 ||    64
  Block: Buckler           |       |       |       |    10 ||    10
